 Dungeon Crawl Stone Soup version 0.26-a0-651-gb41185065b (webtiles) character file.

Game seed: 15666201354596990486

19 Azzok the Chopper (level 2, 15/24 HPs)
             Began as a Demonspawn Berserker on Oct 30, 2020.
             Was a Follower of Trog.
             Quit the game on level 1 of the Dungeon.
             The game lasted 00:00:40 (569 turns).

Azzok the Chopper (Demonspawn Berserker)             Turns: 569, Time: 00:00:41

Health: 15/24      AC:  3    Str: 17    XL:     2   Next: 55%
Magic:  2/2        EV: 12    Int:  8    God:    Trog [*.....]
Gold:   75         SH:  0    Dex: 12    Spells: 1/1 levels left

rFire    . . .     SeeInvis .   a - +0 hand axe
rCold    . . .     Faith    .   (no shield)
rNeg     . . .     Spirit   .   b - +0 animal skin
rPois    .         Reflect  .   (no helmet)
rElec    .         Harm     .   f - +0 cloak
rCorr    .         Rampage  .   (no gloves)
MR       .....                  (no boots)
Stlth    +.........             (no amulet)
HPRegen  0.08/turn              h - +4 ring of slaying (curse)
MPRegen  0.08/turn              (no ring)

@: mildly poisoned (15 -> 11)
A: talons 1
a: Berserk, Renounce Religion


You were on level 1 of the Dungeon.
You worshipped Trog.
Trog was aware of your devotion.
You visited 1 branch of the dungeon, and saw 1 of its levels.

You collected 75 gold pieces.

Inventory:

Hand Weapons
 a - a +0 hand axe (weapon)
Armour
 b - a +0 animal skin (worn)
 f - a +0 cloak (worn)
Jewellery
 h - a cursed +4 ring of slaying (left hand)
Scrolls
 c - a scroll of noise {unknown}
 i - a scroll of enchant weapon {unknown}
Potions
 d - a potion of invisibility {unknown}
 e - 2 potions of cancellation {unknown}
 g - a potion of mutation {unknown}


   Skills:
 - Level 3.0 Fighting
 + Level 3.6 Axes
 - Level 1.7 Armour
 - Level 1.7 Dodging


You had one spell level left.
You didn't know any spells.
Your spell library was empty.

Dungeon Overview and Level Annotations

Branches:
Dungeon (1/15)

Altars:


Innate Abilities, Weirdness & Mutations

You have sharp toenails.


Message History

You barely miss the hobgoblin. You claw the hobgoblin.
The hobgoblin is heavily wounded.
You feel sick. The hobgoblin closely misses you.
The hobgoblin completely misses you.
You closely miss the hobgoblin.
The hobgoblin is heavily wounded.
You feel sick. The bat closely misses you. The hobgoblin hits you.
You slash the hobgoblin!
You kill the hobgoblin!
Trog accepts your kill.
You closely miss the bat. The bat closely misses you.
The bat barely misses you. The bat hits you but does no damage.
You slash the bat!
You kill the bat!
Trog accepts your kill.
You feel sick.
Things that are here:
a +0 short sword of venom; a kobold corpse Are you sure you want to abandon this character and quit the game? (Confirm with "yes".)

▒▒▒ ▒▒▒▒▒▒
··▒▒▒▒▒▒▒▒▒▒▒▒····▒▒
▒··················▒▒
▒▒▒▒▒▒▒▒▒▒▒▒▒·······▒▒
▒▒▒·········▒
▒······@†···▒
····▒··)·)····▒
▒·▒▒▒▒····†····▒ ·
▒·········▒ ·
▒▒·······▒▒ · ▒·
▒·········▒ ▒▒· ·▒
▒·········▒ ··· ·▒
▒·········▒ ··) ·▒
▒·········▒


There were no monsters in sight!

Vanquished Creatures
  A dart slug (D:1)
  3 bats (D:1)
  2 goblins (D:1)
  3 hobgoblins (D:1)
  2 jackals (D:1)
  A frilled lizard (D:1)
  A kobold (D:1)
  2 rats (D:1)
15 creatures vanquished.

Notes
Turn   | Place    | Note
-------+----------+-------------------------------------------
     0 | D:1      | Azzok the Demonspawn Berserker began the quest for the Orb.
     0 | D:1      | Reached XP level 1. HP: 18/18 MP: 1/1
   254 | D:1      | Gained mutation: You have sharp toenails. [demonic
                  | ancestry]
   254 | D:1      | Reached XP level 2. HP: 12/24 MP: 2/2
   569 | D:1      | Quit the game

Illustrated notes

Levels and vault maps discovered:
D:1:      lightli_arrival_windingriver, layout_rooms

Skill      XL: |  1 |
---------------+----+-----
Axes           | 3 |  3.6
Fighting       | |  3.0
Armour         | |  1.7
Dodging        | |  1.7

Action                   || total
-------------------------++-------
Melee: Hand axe          ||    29
       Kick              ||     6
Armor: Animal skin       ||     3
Dodge: Dodged            ||    22

Table legend: (Time is in decaauts)
 A = Elapsed time spent in this place.
 B = Non-inter-level travel time spent in this place.
 C = Inter-level travel time spent in this place.
 D = Time resting spent in this place.
 E = Time spent auto-exploring this place.
 F = Levels seen in this place.
 G = Mean time per level.
                   A        B        C        D        E       F      G
               +--------+--------+--------+--------+--------+-----+--------+
         Total |    572 |    572 |      0 |    210 |    266 |   1 |  572.0 |
       Dungeon |    572 |    572 |      0 |    210 |    266 |   1 |  572.0 |
               +--------+--------+--------+--------+--------+-----+--------+

Top non-repeatable levels by time:
     D:1: 572 daAuts
